Cogmind - Beta 14 @@@ ROGUE MODE // 2025.03.26 @ 15:52:45 Player: canerib Result: Destroyed by S-10 Pest with Light Assault Rifle Performance ------------- Evolutions (1) 500 Regions Visited (2) 400 Robots Destroyed (39) 195 Value Destroyed (740) 740 Prototype IDs (2) 40 Alien Tech Used (0) 0 Bonus (71) 71 TOTAL SCORE: 1946 Bonus ------- High Alert Combat Kills 71 Cogmind --------- Core Integrity 0/400 Matter 293/300 Energy 278/280 System Corruption 0% Temperature Cool (6) Movement Hovering (48) Location -9/Materials Parts ------- > --- POWER (1) -------- Heavy Ion Engine > --- PROPULSION (4) --- Improved Hover Unit Improved Hover Unit Improved Hover Unit Improved Hover Unit > --- UTILITY (2) ------ Visual Processing Unit Improved Terrain Scanner > --- WEAPON (2) ------- Improved Assault Rifle Improved Assault Rifle > --- INVENTORY (5) ---- Improved Hover Unit Improved Hover Unit Hacking Suite Beam Rifle Mini Grenade Launcher Peak State ------------ > --- POWER ------------ Heavy Ion Engine > --- PROPULSION ------- Improved Hover Unit Improved Hover Unit Improved Hover Unit Improved Hover Unit > --- UTILITY ---------- Visual Processing Unit Improved Terrain Scanner > --- WEAPON ----------- Improved Assault Rifle Improved Assault Rifle > --- INVENTORY -------- Improved Hover Unit Improved Hover Unit Hacking Suite Beam Rifle Mini Grenade Launcher [Rating: 23] Favorites ----------- Power Ion Engine Engine Ion Engine Propulsion Flight Unit Hover Unit Improved Hover Unit Flight Unit Flight Unit Utility Visual Processing Unit Device Improved Terrain Scanner Processor Visual Processing Unit Weapon Small Laser Energy Gun Small Laser Ballistic Gun Improved Assault Rifle Launcher Mini Grenade Launcher Build | -11 -10 -9 ------- Run | Yrd Mat Mat Slots Evolved 2 | . . 2 Power . | . . . Propulsion 2 | . . 2 Utility . | . . . Weapon . | . . . Parts Attached 26 | 5 7 14 Power 5 | 1 2 2 Engine 5 | 1 2 2 Core . | . . . Reactor . | . . . Propulsion 9 | . 3 6 Treads . | . . . Leg . | . . . Wheel . | . . . Hover 4 | . . 4 Flight 5 | . 3 2 Utility 5 | 2 1 2 Device 4 | 2 . 2 Storage . | . . . Processor 1 | . 1 . Hackware . | . . . Protection . | . . . Artifact . | . . . Weapon 7 | 2 1 4 Energy Gun 4 | 2 1 1 Energy Cannon . | . . . Ballistic Gun 2 | . . 2 Ballistic Cannon . | . . . Launcher 1 | . . 1 Special Weapon . | . . . Impact Weapon . | . . . Slashing Weapon . | . . . Piercing Weapon . | . . . Special Melee Weapon . | . . . Unidentified Prototypes 2 | . . 2 Parts Lost 8 | . 1 7 Power 1 | . . 1 Propulsion 5 | . 1 4 Utility 1 | . . 1 Weapon 1 | . . 1 Highest Loss Streak 6 | . 1 6 To Critical Strikes . | . . . Average Slot Usage (%) 73 | . 57 83 Engine 6 | . 2 8 Hover 7 | . . 13 Flight 16 | . 11 20 Device 13 | . 19 9 Processor 7 | . 2 11 Energy Gun 15 | . 20 11 Ballistic Gun 5 | . . 8 Peak Build Rating 23 | 5 8 23 Average Rating 10 | 3 5 14 On Entrance 4 | . 5 7 Naked Turns . | . . . Heaviest Build 15 | 3 8 15 Greatest Support 28 | 3 8 28 Greatest Overweight (x) 1 | . . 1 Average Overweight (x) . | . . . Largest Inventory Capacity 5 | 5 5 5 Average Capacity 5 | 5 5 5 Most Carried 5 | 2 5 5 Average Carried 4 | 1 3 4 Final Capacity 5 | 5 5 5 Final Carried 5 | 2 5 5 Class Distribution -------------------- 73% | Mutant 14% | Scavenger-Mutant 12% | Sprinter Dominant Class ---------------- Mutant | -10/Materials Mutant | -9/Materials Resources | -11 -10 -9 ----------- Run | Yrd Mat Mat Matter Collected 626 | 246 65 315 Remotely . | . . . Salvage Created 1057 | 77 277 703 Parts 79 | 8 14 57 Haulers Intercepted 5 | . 1 4 Recyclers Shooed . | . . . Parts Field Recycled . | . . . Retrieved Matter . | . . . Parts Self-Destructed . | . . . Prevented . | . . . Kills | -11 -10 -9 ------- Run | Yrd Mat Mat Combat Hostiles Destroyed 25 | . 6 19 Guns 15 | . 6 9 AOE 10 | . . 10 Classes Destroyed 11 | 2 4 5 Worker 2 | . . 2 Builder 1 | . . 1 Tunneler 1 | 1 . . Hauler 5 | . 1 4 Recycler 1 | 1 . . Mechanic 2 | . . 2 Watcher 2 | . 1 1 Swarmer 12 | . 2 10 Grunt 8 | . 4 4 Duelist 1 | . . 1 Sentry 4 | . . 4 Best Kill Streak 18 | 1 3 18 Combat Bots Only 11 | . 3 11 Max Kills in Single Turn 3 | 1 1 3 Gunslinging . | . . . Exploded 2 | . . 2 Melee . | . . . Uniques/NPCs Destroyed . | . . . Combat | -11 -10 -9 -------- Run | Yrd Mat Mat Hostile Shots Fired 127 | . 31 96 Missed 44 | . 9 35 Damage Taken 1117 | 1 232 884 Core 563 | . 157 406 Absorbed by Shields . | . . . Core Remaining (%) 68 | 100 37 . Volleys Fired 94 | 7 35 52 Largest 2 | 2 2 2 Hottest 106 | 90 90 106 Shots Fired 155 | 11 54 90 Gun 141 | 11 54 76 Cannon . | . . . Launcher 14 | . . 14 Special . | . . . Kinetic 24 | . . 24 Thermal 117 | 11 54 52 Explosive 14 | . . 14 Electromagnetic . | . . . Robot Hit Streak 16 | 2 16 12 Robot Miss Streak 3 | 2 2 3 Penetration Max . | . . . Secondary Targets . | . . . Shots Hit Robots 104 | 6 42 56 Core Hits 56 | 3 13 40 Critical Kills . | . . . Critical Parts Destroyed . | . . . Critical Strikes 1 | . 1 . Burn 1 | . 1 . Melee Attacks . | . . . Impact . | . . . Slashing . | . . . Piercing . | . . . Sneak Attacks . | . . . Combat Hostiles . | . . . Follow-up Attacks . | . . . Damage Inflicted 1998 | 71 474 1453 Guns 1202 | 69 474 659 Cannons . | . . . Explosions 794 | . . 794 Melee . | . . . Ramming 2 | 2 . . Kinetic 233 | . . 233 Thermal 969 | 69 474 426 Explosive 791 | . . 791 Electromagnetic 3 | . . 3 Impact . | . . . Slashing . | . . . Piercing . | . . . Highest Corruption . | . . . Average Corruption . | . . . Corruption Purged . | . . . Corruption Blocked . | . . . Overload Shots . | . . . Overflow Damage 36 | . . 36 Projectiles . | . . . Explosions 36 | . . 36 Melee . | . . . Knockbacks . | . . . Impact . | . . . Kinetic . | . . . Secondary . | . . . Self-Inflicted Damage 174 | 1 . 173 Shots 6 | . . 6 Rammed 1 | 1 . . Targets Rammed 1 | 1 . . Kicked . | . . . Crushed . | . . . Highest Temperature 234 | 45 234 27 Average Temperature 66 | 24 101 8 Received Heat Transfer 252 | . 105 147 Effects 1 | . 1 . Energy Bleed 1 | . 1 . Siege Activations . | . . . Robots Corrupted . | . . . Combat Hostiles . | . . . Parts Fried . | . . . Impact Corruptions . | . . . Robots Melted . | . . . Combat Hostiles . | . . . Parts Melted 5 | . 2 3 Heat Transferred 2628 | 174 1280 1174 Parts Sabotaged . | . . . Parts Stolen . | . . . Parts Stripped . | . . . Power Chain Reactions . | . . . Alert | -11 -10 -9 ------- Run | Yrd Mat Mat Peak Influence 745 | 10 233 745 Initial 98 | . 6 98 Average 272 | 3 114 408 Maximum Alert Level 3 | . 1 3 Low Security (%) 48 | 100 75 23 Level 1 25 | . 24 29 Level 2 19 | . . 35 Level 3 6 | . . 11 Level 4 . | . . . Level 5 . | . . . High Security . | . . . Max Security . | . . . Squads Dispatched 3 | . 1 2 Investigation 3 | . 1 2 Extermination . | . . . Reinforcement . | . . . Assault . | . . . Garrison . | . . . Intercept . | . . . Searches Triggered . | . . . Construction Impeded . | . . . Haulers Reinforced . | . . . Active Scanning Responses . | . . . Cargo Convoy Interrupts . | . . . Stealth | -11 -10 -9 --------- Run | Yrd Mat Mat Distress Signals . | . . . Communications Jammed . | . . . Distress Signals . | . . . Times Spotted 42 | . 12 30 Peak Tracking Total 9 | . 4 9 Tactical Retreats 2 | . 1 1 Traps | -11 -10 -9 ------- Run | Yrd Mat Mat Traps Triggered . | . . . Indirectly . | . . . Trap Hack Attempts . | . . . Triggered . | . . . Disarmed . | . . . Reprogrammed 6 | . 6 . Reused . | . . . Traps Extracted . | . . . Installed . | . . . Triggered . | . . . Machines | -11 -10 -9 ---------- Run | Yrd Mat Mat Machines Disabled 2 | . . 2 Max in Single Turn 2 | . . 2 Machines Repaired . | . . . Machines Dismantled . | . . . Machines Sabotaged . | . . . Overloaded Fab Kills . | . . . Hacking | -11 -10 -9 --------- Run | Yrd Mat Mat Machines Accessed 11 | . 6 5 Terminals 10 | . 6 4 Fabricators . | . . . Repair Stations . | . . . Recycling Units . | . . . Scanalyzers 1 | . . 1 Garrison Access . | . . . Total Hacks 36 | . 18 18 Successful 15 | . 8 7 Failed 21 | . 10 11 Catastrophic 7 | . 5 2 Database Lockouts . | . . . Manual 21 | . 12 9 Terminals 32 | . 18 14 Fabricators . | . . . Repair Stations . | . . . Recycling Units . | . . . Scanalyzers 4 | . . 4 Garrison Access . | . . . Terminal Hacks 7 | . 4 3 Level Access Points 2 | . 1 1 Locate Traps 2 | . 1 1 Reprogram Traps 1 | . 1 . Registered Components 2 | . 1 1 Fabricator Hacks . | . . . Repair Station Hacks . | . . . Recycling Unit Hacks . | . . . Scanalyzer 1 | . . 1 Insert Component 1 | . . 1 Garrison Access Hacks . | . . . Unauthorized Hacks 7 | . 4 3 Terminals 7 | . 4 3 Track 1 | . 1 . Assimilate 1 | . 1 . Botnet 5 | . 2 3 Fabricators . | . . . Repair Stations . | . . . Recycling Units . | . . . Scanalyzers . | . . . Garrison Access . | . . . Data Cores Recovered . | . . . Used . | . . . Hacking Detections 11 | . 6 5 Full Trace Events 3 | . 1 2 Feedback Events . | . . . Feedback Blocked . | . . . Robot Schematics Acquired . | . . . Robots Built . | . . . Authchips . | . . . Time . | . . . Total Robot Build Rating . | . . . Part Schematics Acquired . | . . . Parts Built . | . . . Authchips . | . . . Time . | . . . Total Part Build Rating . | . . . Parts Repaired . | . . . Time . | . . . Parts Recycled . | . . . Recycled Matter . | . . . Retrieved Matter . | . . . Retrieved Components . | . . . Parts Scanalyzed 1 | . . 1 Part Schematics Acquired . | . . . Parts Damaged . | . . . Bothacking | -11 -10 -9 ------------ Run | Yrd Mat Mat Used RIF Installer . | . . . Robots Hacked . | . . . Non-combat . | . . . Combat . | . . . Robot Hacks Applied . | . . . Relay Couplers Released . | . . . Fabnet Peak Effective % . | . . . Robots Rewired . | . . . Allies Hacked . | . . . Hacks Repelled . | . . . Allies | -11 -10 -9 -------- Run | Yrd Mat Mat Total Allies 1 | . 1 . Largest Group 1 | . 1 1 Highest-Rated Group 10 | . 10 10 Highest-Rated Ally 10 | . 10 10 Total Orders . | . . . Ally Attacks . | . . . Total Damage . | . . . Kills . | . . . Allies Corrupted . | . . . Allies Melted . | . . . Intel | -11 -10 -9 ------- Run | Yrd Mat Mat Robot Analysis Total . | . . . Derelict Logs Recovered . | . . . Drone Launches . | . . . Drone Recoveries . | . . . Exploration | -11 -10 -9 ------------- Run | Yrd Mat Mat Turns Passed 895 | 63 328 504 Spaces Moved 1078 | 71 329 678 Core 228 | 71 121 36 Treads . | . . . Legs . | . . . Wheels . | . . . Hover 224 | . . 224 Flight 626 | . 208 418 Fastest Speed 31 | 50 37 31 Average Speed 42 | 50 43 41 Slowest Speed 100 | 50 50 100 Overloaded Moves . | . . . Propulsion Burnouts . | . . . Robots Hopped 12 | . 4 8 Cave-ins Triggered . | . . . Exploration Rate (%) 28 | 3 44 38 Regions Visited 2 Branch Regions . Pre-discovered Areas . | . . . Known Exits Taken 1 | . 1 . Unknown Exits Taken 1 | 1 . . Scrap Searched . | . . . Spaces Dug . | . . . Terrain Destroyed 51 | . . 51 Melee . | . . . Projectile . | . . . AOE 51 | . . 51 Terrain Rammed . | . . . Walls Destroyed . | . . . Machines Disabled . | . . . Actions | -11 -10 -9 --------- Run | Yrd Mat Mat Total 1345 | 85 456 804 Wait 135 | . 80 55 Move 1053 | 70 320 663 Hop 11 | . 4 7 Pick Up 14 | . 6 8 Fast Attach 14 | 5 4 5 Attach 8 | . 3 5 Detach 3 | 2 1 . Swap 4 | . . 4 Drop 8 | . 3 5 Fire 94 | 7 35 52 Melee . | . . . Ram 1 | 1 . . Kick . | . . . Crush . | . . . Escape Stasis . | . . . Rewire . | . . . Trap . | . . . Miscellaneous . | . . . Route ------- -11/Scrapyard -10/Materials (discovered 4 exits: *Mat x3 / [*Min]) -9/Materials (discovered 4 exits: *Mat x3 / [*Min]) History --------- Turn | Location | Event 7 | -11/Scrapyard | Discovered new exit (range 15) 64 | -11/Scrapyard | Entered Materials 202 | -10/Materials | Discovered new exit (range 6) 282 | -10/Materials | Core integrity fell below 50% 311 | -10/Materials | Discovered new exit (range 14) 318 | -10/Materials | Build established: Mutant 332 | -10/Materials | Identified exit to Materials 392 | -10/Materials | Entered another Materials area 392 | -9/Materials | Accompanied by 1 ally 392 | -9/Materials | Evolved 2 slots: Propulsion x2 467 | -9/Materials | Discovered new exit (range 12) 676 | -9/Materials | Core integrity fell below 50% 689 | -9/Materials | Core integrity fell below 20% 709 | -9/Materials | Destroyed 11 combat bots 713 | -9/Materials | Lost 6 parts (1p3n1u1w) 764 | -9/Materials | Discovered new exit (range 16) 867 | -9/Materials | Identified exit to Materials 896 | -9/Materials | Destroyed by S-10 Pest with Light Assault Rifle Last Messages --------------- 4x Alarm Trap Map updated. >>Inventory(Components) Retrieving component inventory records... Found 3 registered component stockpiles: 6BP9PXO531: Lrg. Storage Unit 3CT0ATI9Z3: Sml. Battery 9LAVUG5E35: Imp. Ion Engine Downloaded coordinate data. >>Access(Main) Found 3 level access points to Materials: (53,13) (6,54) (51,85) Map updated. 00867_ ALERT: Suspicious activity at Terminal M001. Dispatching Investigation squad. 00894_ C-30 ARC bursts open, deploying its payload. 00894_ S-10 Pest unfolds itself. Map ----- +----------------------------------------------------+ | ?????????????????????## % # ###???????##### | | ?????????????????????## [ % # #?????????????? | | ??????????????????????# [ ####?????????????? | | ?????????????????????## [ ##???????????????? | | ?????????????????????## ##???????????????? | | ???????????????????+### ###########??????? | | ???????????? ^^ ### # #??????? | | ???????????? ^^ ### # """" #???????? | | ???????????? ?## # ""S""[ #???????? | | ????????????? ######## #?## # "" "" =#????#??? | | ????????????? ?????????##???# # =! #???????? | | ????????????????????????????# # #???????? | | ????????????????????????????# #= #???????? | | ??????????????????#?????????# + #???????? | | ??????????????????# ????????# #!! #???????? | | ??????????????????# ????????# ###########??????? | | ??????????????????# ????????# #? #??????? | | ??????????????????# ???????# #? #??????? | | ??????????????????# ???????# # +??????? | | ???#?#????????????# ???????#=* # #??????? | | ???# ####+#######+########* !+ #??????? | | ???# t=*%*! ** *= # #??????? | | ???# ***! * * k# #??????? | | ???# ?? " """"" **" = #? #??????? | | ???# """"""""" T u #?#########?*????? | | ???# """ """ "g @ s #????????????????? | | ???# s s #????????????????? | | ???# g ###### #????????????????? | | ???# g####+#####?# #????????????????? | | # #?# < #????????????????? | | + """ #?# #????????????????? | | ####+###### ###### """ !#?#####????????????????? | | ??????????# ?????# """ #??????????????????????? | | ?!????????#??????#| !#??????????????????????? | | ?????????????????# """ #??????????????????????? | | ?????????????????# """ #??????????????????????? | | ?????????????????# """ #??????????????????????? | | ?????????????????# #??????????????????????? | | ?????????????????##########??????????????????????? | | ?????????????????????????????????????????????????? | | ?????????????????????????????????????????????????? | | ?????????????????????????????????????????????????? | | ?????????????????????????????????????????????????? | | ?????????????????????????????????????????????????? | | | | | | | | | | | | | +----------------------------------------------------+ Best States ------------- Heat Dissipation 42 Energy Generation 14 Energy Capacity 280 Matter Stores 300 Matter Capacity 300 Sight Range 18 Terrain Scan Range 16 Terrain Scan Density 10 Evasion (%) 63 Item Schematics ----------------- None Robot Schematics ------------------ None Fabricated ------------ Nothing Alien Tech Used ----------------- None Achievements -------------- None Challenges ------------ None Game ------ Seed IntegrityMatterMultirail Manual? 0 Play Time 00:18:26 Cumulative 82.7 hours Start 2025.03.26 @ 15:35:45 End 2025.03.26 @ 15:52:45 Sessions 1 Manual Loads 0 Difficulty Rogue Special Mode None Game No. 126 Rogue 126 Adventurer 0 Explorer 0 Win Type - Total 1 Types 1/0/0/0/0/0/0/0/0 Lore% 31 Gallery% 47 Achievement% 40 Wizard Run 0 Options --------- Layout 1 ASCII 1 Keyboard 0 Movement Numpad Keybinds 0 Fullscreen 1 Font 24/Smallcaps Map View 50x35 Zoom Use 0% Tactical HUD 1 Map Filters NONE Filters NONE Steam 1 RUN: 5c8b16e5-8db5-43aa-a6c1-209b5143907e